 Dungeon Crawl Stone Soup version 0.21-a0-104-g7b58145 (webtiles) character file.

221 Ordine the Chopper (level 5, -8/46 HPs)
             Began as a Deep Dwarf Fighter on July 6, 2017.
             Killed by divine providence
             ... invoked by an orc priest
              (14 damage)
             ... on level 3 of the Dungeon.
             The game lasted 00:04:51 (951 turns).

Ordine the Chopper (Deep Dwarf Fighter)              Turns: 951, Time: 00:04:52

Health: -8/46      AC: 11    Str: 19    XL:     5   Next: 65%
Magic:  5/5        EV:  3    Int: 13    God:
Gold:   56         SH: 10    Dex: 12    Spells: 4/4 levels left

rFire    . . .     SeeInvis .   k - +1 hand axe (chop)
rCold    . . .     Gourm    .   c - +0 shield
rNeg     . . .     Faith    .   i - +0 plate armour
rPois    .         Spirit   .   (helmet restricted)
rElec    .         Reflect  .   (no cloak)
rCorr    .         Harm     .   (no gloves)
MR       +....                  (no boots)
Stlth    ..........             (no amulet)
HPRegen  0.00/turn              j - +3 ring of intelligence
MPRegen  0.09/turn              (no ring)

@: non-regenerating
A: damage resistance, heal wounds, hooves 1, horns 1, magic resistance 1, sense
surroundings 1, MP-powered wands, no regeneration
a: Heal Wounds


You were on level 3 of the Dungeon.
You were not hungry.

You visited 1 branch of the dungeon, and saw 4 of its levels.

You collected 56 gold pieces.

Inventory:

Hand Weapons
 k - a +1 hand axe of chopping (weapon)
Armour
 c - a +0 shield (worn)
 i - a +0 plate armour (worn)
Jewellery
 j - a +3 ring of intelligence (left hand)
Scrolls
 h - 2 scrolls of remove curse
 m - a scroll of recharging
Potions
 b - a potion of lignification {unknown}
 d - a potion of might
 e - a potion of resistance {unknown}
 g - a potion of brilliance {unknown}
Comestibles
 a - 2 chunks of flesh
 f - 3 bread rations
 l - a meat ration


   Skills:
 - Level 2.6 Fighting
 * Level 5.4 Axes
 - Level 3.2 Armour
 + Level 4.9 Shields


You had 4 spell levels left.
You didn't know any spells.

Dungeon Overview and Level Annotations

Branches:
Dungeon (4/15)
 Temple: D:4-7

Altars:


Innate Abilities, Weirdness & Mutations

You are resistant to damage.
You can heal yourself by infusing magical energy.
You passively map a small area around you.
You do not regenerate.
You have large cloven feet.
You have a pair of small horns on your head.
You are resistant to hostile enchantments. (MR+)
You expend magic power (3 MP) to strengthen your wands.


Message History

You block the orc's attack.
You hit the orc but do no damage. Your kick misses the orc.
Your headbutt misses the orc. You hit the orc priest.
You closely miss the quokka. You hit the orc but do no damage.
You block the orc's attack. You block the quokka's attack.
You block the orc's attack. The orc hits you but does no damage.
The orc priest hits you but does no damage.
Some of the chunks of flesh in your inventory have rotted away.
You hit the orc. Your kick misses the orc.
The orc is moderately wounded.
Your plate armour prevents you from hitting the orc.
You closely miss the quokka.
You hit the orc priest but do no damage.
You block the quokka's attack. The orc hits you but does no damage.
The orc hits you with a war axe.
* * * LOW HITPOINT WARNING * * *
The quokka barely misses you.
The orc priest mumbles some strange prayers to Beogh against you.
Beogh smites you!
You die...

, , , *,..... * #######*
* .....# ## #......
##.....## ##. #......*
#.......#####.. #....o.
##.....%........
!.....o##........#* #...
......o@........## #...
......or(........# #..
#.%..............# ##.
#.........(......#######
#?.....#...(.....#...# #
* #................#...#
# *
####............(....# #
........#........### # *
.#.#.##......[.##### #


You could see an orc priest, 3 orcs and a quokka.

Vanquished Creatures
  The ghost of fenos the Shooter, a weakling MiHu (D:3)
  A crimson imp (D:3)
  2 orc priests (D:3)
  3 adders
  2 leopard geckos
  4 orcs (D:3)
  A ball python (D:1)
  8 bats
  3 giant cockroaches
  3 goblins (D:1)
  9 hobgoblins
  4 jackals (D:3)
  4 kobolds
  6 rats
51 creatures vanquished.

Notes
Turn   | Place    | Note
-------+----------+-------------------------------------------
     0 | D:1      | Ordine the Deep Dwarf Fighter began the quest for the Orb.
     0 | D:1      | Reached XP level 1. HP: 20/20 MP: 1/1
    82 | D:1      | Reached XP level 2. HP: 21/27 MP: 2/2
   348 | D:1      | Reached skill level 3 in Axes
   424 | D:1      | Reached XP level 3. HP: 25/33 MP: 3/3
   741 | D:2      | Found a faded altar of an unknown god.
   856 | D:2      | You fall through a shaft for 2 floors!
   876 | D:3      | Gained mutation: You expend magic power (3 MP) to strengthen your wands. [potion of mutation]
   876 | D:3      | Gained mutation: You are resistant to hostile enchantments. (MR+) [potion of mutation]
   876 | D:3      | Gained mutation: You have a pair of small horns on your head. [potion of mutation]
   876 | D:3      | Gained mutation: You have large cloven feet. [potion of mutation]
   882 | D:3      | Noticed fenos's ghost (weakling MiHu)
   882 | D:3      | Reached skill level 4 in Axes
   882 | D:3      | Reached XP level 4. HP: 26/40 MP: 4/4
   886 | D:3      | Reached XP level 5. HP: 30/46 MP: 5/5
   890 | D:3      | Killed fenos's ghost
   890 | D:3      | Reached skill level 5 in Axes
   951 | D:3      | Killed from afar by an orc priest

Vault maps used:
D:1:      dpeg_arrival_pits, minmay_statues_item
D:2:      chequers_ecumenical_altar_simple, grunt_ministairs_11
D:3:      old_standard_altar, uniq_robin
D:4:      minmay_temple_entry_statues_pillars, first_bread, minivault_27,
          kennysheep_crisscross, kennysheep_small_circle

Skill      XL: |  1  2  3  4  5 |
---------------+----------------+-----
Axes           | 3 4 5 |  5.4
Shields        | 4 |  4.9
Fighting       | |  2.6
Armour         | |  3.2

Action                   |  1- 3 |  4- 6 || total
-------------------------+-------+-------++-------
Melee: War axe           |    59 |       ||    59
       Hand axe          |    38 |    20 ||    58
       Kick              |     1 |     1 ||     2
       Headbutt          |     1 |       ||     1
  Use: Scroll            |     3 |       ||     3
       Potion            |     4 |       ||     4
Armor: Scale mail        |    35 |       ||    35
       Plate armour      |    35 |    24 ||    59
Dodge: Dodged            |    29 |    12 ||    41
Block: Shield            |    63 |    18 ||    81
